Map: Incognito LE

Players

Wlodziu

  • Race: Zerg Zerg
  • Spawn Location: 7:00

Iceberg

  • Race: Protoss Protoss
  • Spawn Location: 9:00

Leon

  • Race: Zerg Zerg
  • League: Gold
  • Spawn Location: 7:00

Artos - Winner!

  • Race: Protoss Protoss
  • League: Diamond
  • Spawn Location: 1:00

wishbobe - Winner!

  • Race: Terran Terran
  • League: Silver
  • Spawn Location: 1:00

GaGenvaGen - Winner!

  • Race: Zerg Zerg
  • League: Silver
  • Spawn Location: 3:00

VOD

Have the link to the VOD?

Description

Time

  • Played on: March 21, 2026, 3:14 p.m.
  • Length: 5:18
Show
View Real Time Build Order
Export as new Build Order

Wlodziu Zerg 

Build Orders: Hatch First 

Get SALT Encoding   

  12  0:01  Drone  
  13  0:10  Drone  
  14  0:14  Extractor  
  14  0:15  Drone  
  15  0:22  Overlord  
  15  0:41  Drone x2  
  17  0:58  Drone  
  17  1:02  Extractor, Drone  
  18  1:04  Hatchery  
  17  1:16  Spawning Pool  
  16  1:20  Drone  
  16  1:23  Drone  
  18  1:41  Drone  
  18  1:43  Drone  
  20  1:52  Overlord  
  20  2:05  Zergling x2  
  21  2:10  Queen  
  21  2:13  Zergling x2  
  24  2:16  Queen  
  24  2:19  Zergling x2  
  26  2:35  Roach Warren  
  24  2:39  Zergling x2  
  24  2:40  Zergling x6  
  28  3:00  Overlord  
  28  3:01  Overlord  
  24  3:25  Roach  
  24  3:26  Roach x4  
  23  3:57  Roach  
  23  3:58  Roach  
  23  4:11  Roach  
  23  4:12  Roach  
  21  4:31  Roach  
  21  4:46  Roach  
  21  4:47  Roach  
  19  4:56  Drone  
Show
View Real Time Build Order
Export as new Build Order

Iceberg Protoss 

Build Orders: Nexus First 

Get SALT Encoding   

  12  0:00  Probe  
  13  0:12  Probe  
  14  0:18  Pylon  
  14  0:25  Probe  
  15  0:33  Probe  
  15  0:41  Probe  
  17  0:51  Probe  
  18  1:04  Probe, Nexus  
  19  1:12  Probe  
  20  1:20  Probe  
  21  1:32  Probe  
  22  1:44  Probe  
  22  1:46  Nexus  
  23  2:01  Pylon  
  23  2:05  Gateway  
  23  2:12  Assimilator  
  24  2:15  Probe  
  24  2:16  Assimilator  
  24  2:17  Probe  
  25  2:27  Probe  
  26  2:30  Assimilator  
  26  2:31  Probe  
  26  2:34  Assimilator  
  27  2:42  Probe  
  26  2:56  Cybernetics Core  
  25  3:10  Probe x2  
  25  3:12  Probe  
  28  3:21  Probe  
  28  3:22  Probe  
  30  3:29  Probe  
  30  3:31  Probe  
  32  3:35  Assimilator  
  32  3:37  Probe x2  
  32  3:39  Assimilator  
  34  3:43  Probe  
  35  3:49  Probe x2  
  37  3:56  Probe  
  37  3:57  Stargate  
  37  3:59  Stargate  
  37  4:01  Probe x2  
  40  4:08  Probe  
  41  4:13  Probe x2  
  41  4:23  Stargate  
  29  4:27  Probe x2  
  30  4:32  Probe  
  30  4:38  Void Ray  
  31  4:40  Probe  
  36  4:49  Probe  
  36  4:51  Pylon  
  35  4:54  Pylon  
  33  5:02  Probe  
  33  5:03  Probe  
Show
View Real Time Build Order
Export as new Build Order

Leon Zerg 

Build Orders: Hatch First 

Get SALT Encoding   

  12  0:01  Drone  
  13  0:12  Overlord  
  13  0:17  Drone  
  14  0:30  Drone x2  
  14  0:34  Drone  
  17  0:52  Hatchery  
  17  0:55  Drone  
  17  1:01  Extractor, Drone  
  17  1:15  Spawning Pool  
  16  1:19  Drone  
  16  1:22  Drone  
  18  1:30  Drone  
  19  2:03  Queen x2  
  19  2:04  Zergling x2  
  19  2:05  Zergling x2  
  19  2:08  Overlord  
  25  2:09  Drone  
  26  2:19  Drone x2  
  28  2:26  Zergling x2  
  29  2:32  Zergling x2  
  29  2:36  Zergling x2  
  31  2:44  Zergling x2  
  31  2:48  Zergling x4  
  34  2:56  Lair  
  34  3:01  Baneling Nest  
  33  3:06  Zergling x2  
  33  3:07  Zergling x2  
  34  3:19  Zergling x6  
  35  3:22  Zergling x2  
  35  3:29  Overlord  
  35  3:32  Zergling x2  
  35  3:39  Metabolic Boost  
  35  3:55  Zergling x4  
  34  3:56  Zergling x16  
  35  4:13  Zergling x2  
  35  4:14  Zergling x6  
  32  4:42  Zergling x2  
  32  4:43  Zergling x18  
  35  4:55  Zergling x4  
Show
View Real Time Build Order
Export as new Build Order

Artos Protoss - Winner!

Build Orders: Mass Adepts 

Get SALT Encoding   

  12  0:00  Probe  
  13  0:12  Probe  
  14  0:25  Probe  
  15  0:44  Pylon  
  15  1:02  Probe  
  15  1:03  Gateway  
  16  1:04  Gateway  
  16  1:06  Gateway  
  16  1:11  Pylon  
  16  1:14  Probe  
  17  1:26  Probe  
  18  1:50  Assimilator  
  18  1:52  Zealot  
  18  1:53  Zealot  
  24  1:54  Zealot  
  24  1:59  Probe  
  24  2:00  Cybernetics Core  
  25  2:14  Probe  
  26  2:19  Zealot  
  26  2:20  Zealot  
  26  2:21  Pylon  
  30  2:37  Pylon  
  30  2:39  Zealot  
  32  3:05  Adept  
  32  3:07  Adept  
  34  3:13  Adept  
  32  3:30  Probe  
  32  3:31  Adept  
  32  3:33  Adept  
  31  3:34  Shield Battery  
  35  3:43  Adept  
  37  3:53  Adept  
  33  3:57  Adept  
  33  3:59  Probe  
  38  4:13  Adept  
  38  4:20  Adept  
  38  4:27  Adept  
  38  4:43  Adept x2  
  38  4:46  Assimilator  
Show
View Real Time Build Order
Export as new Build Order

wishbobe Terran - Winner!

Build Orders:  

Get SALT Encoding   

  13  0:14  SCV  
  13  0:30  Supply Depot  
  13  0:52  Barracks  
  13  1:06  Supply Depot  
  13  1:08  Barracks  
  13  1:19  SCV  
  14  1:31  SCV  
  15  1:33  Supply Depot  
  15  1:39  Marine  
  16  1:43  SCV  
  17  1:51  Barracks  
  17  1:55  Marine, SCV  
  17  1:59  Marine  
  20  2:07  SCV  
  21  2:16  Marine x2  
  21  2:22  Supply Depot  
  23  2:34  Marine x2  
  25  2:39  Barracks  
  25  2:53  Marine x2  
  25  2:54  Marine  
  28  3:11  Marine x3  
  26  3:29  Marine x3  
  26  3:30  Marine  
  30  3:47  Marine x4  
  34  4:05  Marine x4  
  38  4:23  Marine x4  
  42  4:40  Marine  
  42  4:41  Marine x3  
  45  4:58  Marine x2  
Show
View Real Time Build Order
Export as new Build Order

GaGenvaGen Zerg - Winner!

Build Orders: Pool First 

Get SALT Encoding   

  12  0:01  Drone  
  13  0:07  Drone  
  14  0:14  Extractor  
  14  0:15  Drone  
  15  0:33  Spawning Pool  
  14  0:42  Overlord  
  14  0:46  Overlord  
  14  1:01  Drone x2  
  16  1:05  Drone  
  16  1:10  Extractor  
  16  1:15  Drone  
  17  1:29  Drone, Hatchery  
  17  1:41  Queen  
  17  1:45  Zergling x2  
  20  1:49  Drone  
  21  2:05  Zergling x2  
  22  2:14  Drone  
  23  2:22  Zergling x2  
  24  2:35  Zergling x2  
  25  2:50  Zergling x2  
  25  2:51  Zergling x8  
  30  2:54  Metabolic Boost  
  30  3:01  Overlord x2  
  30  3:11  Overlord x2  
  30  3:19  Queen  
  32  3:22  Drone  
  32  3:24  Evolution Chamber  
  31  3:33  Zergling x2  
  31  3:34  Zergling x8  
  35  3:48  Zergling x8  
  38  3:57  Zergling x2  
  38  4:02  Zergling x2  
  37  4:15  Zergling x2  
  37  4:16  Zergling x2  
  39  4:23  Zergling x2  
  41  4:24  Zergling x2  
  38  4:34  Zergling x12  
  43  4:44  Zergling x2  
Tags
 
Add a new tag
Caveats
  • Supply blocks, unpowered buildings, or Contaminate may cause inaccurate times.
  • Supply counts are checked every 10 seconds.